Map: Ulrena

Players

多尐欠有多欠

  • Race: Terran Terran
  • League: Diamond

ILLBdA - Winner!

  • Race: Protoss Protoss
  • League: Platinum

VOD

Have the link to the VOD?

Description

Time

  • Played on: Dec. 14, 2015, 6:29 a.m.
  • Length: 5:51
Show
View Real Time Build Order
Export as new Build Order

多尐欠有多欠 Terran 

Build Orders:  

Get SALT Encoding   

  12  0:00  SCV  
  13  0:13  SCV  
  14  0:17  Supply Depot  
  14  0:25  SCV  
  15  0:39  SCV  
  15  0:40  Barracks  
  16  0:44  Refinery  
  16  0:51  SCV  
  17  1:03  SCV  
  18  1:20  SCV  
  19  1:27  Barracks Reactor  
  19  1:32  Orbital Command  
  19  1:43  Command Center  
  19  1:51  Supply Depot  
  19  1:58  SCV  
  20  2:04  Marine x2  
  22  2:17  Factory  
  22  2:21  Bunker  
  22  2:22  Marine  
  23  2:25  Marine  
  24  2:31  Refinery  
  24  2:36  SCV  
  25  2:39  Marine  
  25  2:43  Marine  
  27  2:57  Marine  
  26  3:01  Marine  
  24  3:08  Factory Tech Lab  
  24  3:09  Starport  
  24  3:11  SCV  
  23  3:23  SCV  
  22  3:32  Cyclone  
  22  3:33  Marine x2  
  27  3:39  SCV  
  25  3:51  Marine  
  25  3:53  SCV  
  28  4:00  Marine  
  27  4:18  Marine  
  27  4:36  Liberator  
  25  4:54  Marine  
  29  5:06  SCV  
  29  5:12  Marine  
  24  5:30  Marine  
Show
View Real Time Build Order
Export as new Build Order

ILLBdA Protoss - Winner!

Build Orders:  

Get SALT Encoding   

  12  0:00  Probe (Chrono Boost)  
  13  0:11  Probe (Chrono Boost)  
  14  0:19  Pylon  
  14  0:22  Probe (Chrono Boost)  
  15  0:37  Probe (Chrono Boost), Gateway  
  16  0:45  Assimilator  
  16  0:48  Probe (Chrono Boost)  
  17  0:58  Probe (Chrono Boost)  
  17  0:59  Assimilator  
  18  1:09  Probe (Chrono Boost), Gateway  
  19  1:19  Probe (Chrono Boost)  
  20  1:26  Cybernetics Core  
  20  1:31  Pylon  
  20  1:35  Probe (Chrono Boost)  
  21  1:45  Probe (Chrono Boost)  
  22  2:02  Mothership Core (Chrono Boost)  
  22  2:03  Adept x2  
  22  2:05  Warp Gate  
  28  2:14  Pylon  
  28  2:33  Adept  
  28  2:34  Adept  
  31  3:00  Stalker  
  31  3:13  Probe (Chrono Boost)  
  31  3:17  Robotics Facility  
  31  3:19  Gateway  
  32  3:24  Mothership Core (Chrono Boost), Gateway  
  34  3:30  Adept  
  36  3:44  Adept  
  38  3:54  Pylon  
  38  4:07  Pylon  
  38  4:08  Pylon  
  36  4:10  Adept  
  36  4:12  Adept  
  34  4:18  Pylon  
  34  4:22  Warp Prism  
  31  4:51  Stalker  
  31  4:52  Sentry, Stalker  
  35  4:54  Stalker  
  35  4:58  Probe (Chrono Boost)  
  38  5:17  Sentry  
  38  5:33  Zealot  
  38  5:34  Zealot x2  
  42  5:45  Stalker  
Tags
 
Matchup
PvT
Replay Pack
me
Add a new tag
Caveats
  • Supply blocks, unpowered buildings, or Contaminate may cause inaccurate times.
  • Supply counts are checked every 10 seconds.